 Dungeon Crawl Stone Soup version 0.27-a0-668-gb5737ff2c0 (webtiles) character file.

Game seed: 2123247238291852211

18945 wakim the Basher (level 12, -8/79 HPs)
             Began as a Gargoyle Fighter on Mar 17, 2021.
             Was a Follower of Ashenzari.
             Mangled by a salamander
             ... wielding a +2 halberd of flaming
              (9 damage)
             ... in a volcano.
             The game lasted 00:45:08 (14373 turns).

wakim the Basher (Gargoyle Fighter)                Turns: 14373, Time: 00:45:08

Health: -8/79      AC: 32    Str: 25    XL:     12   Next: 63%
Magic:  12/12      EV:  7    Int: 15    God:    Ashenzari [*.....]
Gold:   692        SH: 13    Dex:  9    Spells: 11/11 levels left

rFire    . . .     SeeInvis .   a - +0 morningstar
rCold    . . .     Faith    .   c - +0 kite shield "Shackled With Me" {Self, Fort} (curse)
rNeg     + . .     Spirit   .   r - +0 plate armour
rPois    ∞         Reflect  .   f - +0 helmet
rElec    +         Harm     .   k - +0 cloak
rCorr    .         Rampage  .   (no gloves)
Will     .....                  g - +0 pair of boots
Stlth    ..........             o - amulet of Ashenzari's Nihilism {Regen+, Melee, Fort} (curse)
HPRegen  1.23/turn              h - +4 ring of protection
MPRegen  0.13/turn              x - +6 ring of intelligence

@: no status effects
A: AC +8, negative energy resistance 1, electricity resistance, torment
resistance 1, unbreathing 1, petrification resistance
a: Renounce Religion, Curse Item, Shatter the Chains


You were in a volcano.
You worshipped Ashenzari.
Ashenzari was aware of your devotion.
You visited 3 branches of the dungeon, and saw 13 of its levels.
You also visited: Volcano.

You collected 692 gold pieces.

Inventory:

Hand Weapons
 a - a +0 morningstar (weapon)
 b - a +0 hand crossbow
 v - the +7 pair of quick blades "Gyre" and "Gimble" {protect}
   (You took it off an orc on level 9 of the Dungeon)

   It grants its wielder temporary protection when it strikes (+7 to AC).
Missiles
 j - 3 throwing nets (quivered)
 l - 12 boomerangs
 n - 32 bolts
 s - 2 silver boomerangs
 t - 96 poisoned darts
 u - 6 curare-tipped darts
Armour
 c - the cursed +0 kite shield "Shackled With Me" (worn) {Self, Fort}

   It has a curse placed upon it.
 f - a +0 helmet (worn)
 g - a +0 pair of boots (worn)
 k - a +0 cloak (worn)
 r - a +0 plate armour (worn)
Jewellery
 h - a +4 ring of protection (right hand)
 o - the cursed amulet of Ashenzari's Nihilism (around neck) {Regen+, Melee, Fort}
   (You found it on level 7 of the Dungeon)

   [amulet of regeneration]

   It increases your rate of regeneration.
   It has a curse placed upon it.
 x - a +6 ring of intelligence (left hand)
Wands
 d - a wand of digging (14)
 i - a wand of iceblast (9)
 p - a wand of paralysis (20)
 q - a wand of flame (54)
 y - a wand of mindburst (8)
Scrolls
 e - a scroll of torment
 m - a scroll of acquirement
 w - a scroll of enchant weapon
 z - a scroll of enchant armour
 D - a scroll of blinking
 F - 2 scrolls of fog
 W - a scroll of holy word
 X - a scroll of magic mapping {@r4}
 Y - a scroll of teleportation {@r3}
Potions
 B - 2 potions of brilliance
 C - a potion of cancellation
 G - a potion of ambrosia
 I - 2 potions of invisibility
 J - 6 potions of curing {@q1}
 L - 5 potions of flight
 M - 4 potions of might
 N - 3 potions of heal wounds {@q2}
 R - 3 potions of resistance


   Skills:
 + Level 10.0(10.9) Fighting
 * Level 12.2(13.0) Maces & Flails
 + Level 10.1(11.6) Armour
 * Level 12.0(13.3) Shields
 + Level 2.7 Evocations


You had 11 spell levels left.
You didn't know any spells.
Your spell library contained the following spells:

 Spells                   Type           Power      Damage    Failure   Level
 Animate Skeleton         Necr           0%         N/A       97%         1
 Beastly Appendage        Tmut           0%         N/A       97%         1
 Corona                   Hex            0%         N/A       97%         1
 Magic Dart               Conj           0%         1d3       97%         1
 Pain                     Necr           0%         1d4       97%         1
 Blink                    Tloc           N/A        N/A       99%         2
 Call Imp                 Summ           0%         N/A       99%         2
 Ensorcelled Hibernation  Hex/Ice        0%         N/A       99%         2
 Slow                     Hex            0%         N/A       99%         2
 Wereblood                Tmut           0%         N/A       99%         2
 Confusing Touch          Hex            0%         N/A       100%        3
 Conjure Flame            Conj/Fire      0%         6-21      100%        3
 Dazzling Flash           Conj/Hex       0%         N/A       100%        3
 Mephitic Cloud           Conj/Pois/Air  0%         N/A       100%        3
 Spider Form              Tmut/Pois      0%         N/A       100%        3
 Tukima's Dance           Hex            0%         N/A       100%        3
 Vampiric Draining        Necr           0%         2d6       100%        3
 Animate Dead             Necr           0%         N/A       100%        4
 Ice Form                 Ice/Tmut       0%         N/A       100%        4
 Agony                    Necr           0%         N/A       100%        5
 Blade Hands              Tmut           0%         N/A       100%        5


Dungeon Overview and Level Annotations

Branches:
Dungeon (10/15)            Temple (1/1) D:4            Lair (2/6) D:10
 Spider (0/4) Lair:2          Orc (0/2) D:9         Volcano (1/1)
  Swamp: Lair:2-4    Shoals: Lair:2-4

Altars:
Ashenzari
Cheibriados
Dithmenos
Elyvilon
Fedhas
Gozag
Hepliaklqana
Kikubaaqudgha
Makhleb
Nemelex Xobeh
Okawaru
Qazlal
Ru
Sif Muna
Trog
Uskayaw
Vehumet
Wu Jian
Xom
Yredelemnul
Zin
The Shining One

Shops:
D:9 (

Annotations:
D:1 fly
D:9 dig


Innate Abilities, Weirdness & Mutations

Your stone body is resilient. (AC +8)
You are immune to poison.
You resist negative energy. (rN+)
You are resistant to electric shocks. (rElec)
You are resistant to unholy torment.
You can survive without breathing.
You are immune to petrification.


Message History

The salamander is moderately wounded.
You sock the salamander!
The salamander is heavily wounded.
The salamander hits you with a +2 halberd of flaming!
You are engulfed in flames!
The salamander burns you.
You hit the salamander but do no damage.
The salamander is heavily wounded.
You hit the salamander.
The salamander is severely wounded.
You hit the salamander.
The salamander is severely wounded.
The salamander hits you with a +2 halberd of flaming!
You are engulfed in flames!
The salamander burns you.
You hit the salamander.
The salamander is almost dead.
You barely miss the salamander.
The salamander is almost dead.
Your plate armour prevents you from hitting the salamander.
The salamander is almost dead.
You hit the salamander but do no damage.
The salamander is severely wounded.
You hit the salamander.
The salamander is almost dead.
The air gets thick with the scent of sulphur.
The salamander is no longer moving quickly.
The salamander hits you with a +2 halberd of flaming.
You are engulfed in flames!
* * * LOW HITPOINT WARNING * * *
The salamander burns you.
* * * LOW HITPOINT WARNING * * *
The salamander drinks a potion.
The salamander goes berserk!
The hell knight shouts!
You hit the salamander but do no damage.
The salamander is almost dead.
The salamander hits you with a +2 halberd of flaming!!
* * * LOW HITPOINT WARNING * * *
You are engulfed in flames!
* * * LOW HITPOINT WARNING * * *
The salamander burns you!
You die...

###########
#☼#°#≈#≈#≈#
#☼#°#≈#≈#≈#
###☼#☼#☼#☼#≈# #
#8#N☼.☼☼p☼§.## [#
#.@#°#☼#☼#☼#.# ..#
#.##○#≈#≈#☼#N#...#
#.##○#≈#≈#☼#pN.§(#
#..##########..§##
##........# ####
########'# ####
#.# #..## ##.##
##...#
#8.8###.§...


You could see a hell knight and a salamander (berserk).

Vanquished Creatures
  Harold (D:7)
  A hydra (Lair:1)
  A salamander mystic (Volcano)
  An unseen horror (D:10)
  An obsidian statue (Volcano)
  2 oklob plants (Lair:1)
  A salamander (Volcano)
  A black mamba (Lair:1)
  Maurice (D:7)
  Maggie (D:6)
  2 cane toads (Lair:1)
  A kobold demonologist (D:8)
  An efreet (D:10)
  3 komodo dragons
  A troll (D:9)
  7 blink frogs
  Prince Ribbit (D:7)
  Sigmund (D:6)
  2 wyverns
  12 yaks
  7 fire bats (Volcano)
  Eustachio (D:6)
  3 basilisks
  A soldier ant (D:7)
  6 water moccasins
  Duvessa (D:7)
  6 orc warriors
  A swamp drake (D:10)
  2 sky beasts (D:9)
  3 ice beasts
  A black bear (Lair:2)
  10 ogres
  2 centaurs
  14 kobold brigands
  6 bullfrogs
  2 gnoll sergeants
  Dowan (D:7)
  2 wyvern skeletons
  4 scorpions
  3 howler monkeys
  5 lava snakes (Volcano)
  A quasit (D:5)
  2 bullfrog zombies
  A jelly (D:8)
  2 bullfrog skeletons
  2 centaur zombies
  Crazy Yiuf (D:3)
  3 orc priests
  6 hounds
  A centaur skeleton (D:6)
  A gnoll shaman (D:6)
  2 iguanas (D:9)
  7 orc wizards
  Terence (D:3)
  Natasha (thrice) (D:4)
  10 worker ants
  A hound zombie (D:8)
  A hound skeleton (D:8)
  2 worker ant zombies
  18 gnolls
  7 adders
  3 shadow imps
  3 white imps
  2 oozes
  An adder zombie (D:10)
  4 worms
  2 dart slugs (D:1)
  9 leopard geckos
  38 orcs
  A giant cockroach (D:1)
  12 goblins
  8 hobgoblins
  14 jackals
  45 kobolds
  4 quokkas
  4 ball pythons
  5 bats
  4 frilled lizards
  8 kobold skeletons (D:8)
  10 kobold zombies (D:8)
  A quokka skeleton (D:5)
  5 rats
378 creatures vanquished.

Vanquished Creatures (others)
  A wizard (D:7)
  A kobold (D:8)
  5 plants
7 creatures vanquished.

Grand Total: 385 creatures vanquished

Notes
Turn   | Place    | Note
-------+----------+-------------------------------------------
     0 | D:1      | wakim the Gargoyle Fighter began the quest for the Orb.
     0 | D:1      | Reached XP level 1. HP: 14/14 MP: 1/1
   117 | D:1      | Found a broken altar of Ashenzari.
   172 | D:1      | Reached XP level 2. HP: 12/19 MP: 2/2
   441 | D:1      | Became a worshipper of Ashenzari the Shackled
   736 | D:1      | Reached XP level 3. HP: 23/23 MP: 3/3
  1496 | D:2      | Reached XP level 4. HP: 25/29 MP: 4/4
  1656 | D:2      | Found a sparkling altar of Nemelex Xobeh.
  1778 | D:2      | Found a shadowy altar of Dithmenos.
  1967 | D:2      | Found a bloodstained altar of Trog.
  2394 | D:3      | Noticed Terence
  2415 | D:3      | Killed Terence
  2560 | D:3      | Reached XP level 5. HP: 34/34 MP: 5/5
  2983 | D:3      | Found a runed translucent door.
  2984 | D:3      | Noticed Crazy Yiuf
  2995 | D:3      | Killed Crazy Yiuf
  3568 | D:4      | Noticed Natasha
  3576 | D:4      | Killed Natasha
  3578 | D:4      | Found a staircase to the Ecumenical Temple.
  3646 | D:4      | Reached XP level 6. HP: 38/40 MP: 6/6
  3887 | D:4      | Noticed Natasha
  3892 | D:4      | Killed Natasha
  4014 | D:4      | Reached * piety under Ashenzari
  4014 | D:4      | Noticed Natasha
  4033 | D:4      | Killed Natasha
  4316 | Temple   | Entered the Ecumenical Temple
  4651 | D:5      | Entered Level 5 of the Dungeon
  4736 | D:5      | Reached XP level 7. HP: 35/44 MP: 7/7
  4814 | D:5      | Reached skill level 5 in Maces & Flails
  5003 | D:5      | Reached skill level 5 in Armour
  5003 | D:5      | Reached skill level 5 in Shields
  5092 | D:5      | Identified a scroll of acquirement
  5097 | D:5      | Reached skill level 5 in Fighting
  5139 | D:5      | Found a broken altar of Ashenzari.
  5583 | D:6      | Reached XP level 8. HP: 44/51 MP: 8/8
  5702 | D:6      | Noticed Maggie
  5749 | D:6      | Killed Maggie
  6321 | D:6      | Found a shimmering altar of Xom.
  6513 | D:6      | Noticed Sigmund
  6519 | D:6      | Killed Sigmund
  6520 | D:6      | Reached XP level 9. HP: 56/56 MP: 9/9
  6912 | D:6      | Found an ancient bone altar of Kikubaaqudgha.
  7060 | D:6      | Noticed Eustachio
  7097 | D:6      | Killed Eustachio
  7483 | D:7      | Noticed Harold
  7521 | D:7      | Killed Harold
  7906 | D:7      | Found a bloodstained altar of Trog.
  7908 | D:7      | Noticed a wizard
  7912 | D:7      | Killed a wizard
  8636 | D:7      | Noticed Dowan
  8653 | D:7      | Noticed Duvessa
  8670 | D:7      | Killed Duvessa
  8671 | D:7      | Reached XP level 10. HP: 61/64 MP: 10/10
  8683 | D:7      | Killed Dowan
  8770 | D:8      | Noticed Prince Ribbit
  9015 | D:8      | Noticed Maurice
  9064 | D:7      | Killed Maurice
  9531 | D:8      | Noticed a kobold demonologist
  9548 | D:8      | Killed a kobold demonologist
  9706 | D:8      | Found an ancient bone altar of Kikubaaqudgha.
  9942 | D:9      | Reached skill level 10 in Maces & Flails
 10126 | D:9      | Reached XP level 11. HP: 63/71 MP: 11/11
 10167 | D:9      | Found a staircase to the Orcish Mines.
 10249 | D:9      | Found Dean's Hydra Hut.
 10253 | D:9      | Noticed a four-headed hydra
 10728 | D:10     | Entered Level 10 of the Dungeon
 10804 | D:7      | Killed Prince Ribbit
 10874 | D:10     | Reached skill level 10 in Shields
 11562 | D:10     | Killed an unseen horror
 11796 | D:10     | Found a staircase to the Lair.
 12141 | D:10     | Found a blossoming altar of Fedhas.
 12626 | Lair:1   | Entered Level 1 of the Lair of Beasts
 12703 | Lair:1   | Noticed an oklob plant
 12703 | Lair:1   | Noticed an oklob plant
 12932 | Lair:1   | Noticed a six-headed hydra
 12940 | Lair:1   | Killed a six-headed hydra
 13071 | Lair:1   | Reached XP level 12. HP: 62/78 MP: 12/12
 13171 | Lair:1   | Reached skill level 1 in Evocations
 13858 | Lair:2   | Found a dark tunnel.
 13885 | Volcano  | Entered a volcano
 14011 | Volcano  | Reached skill level 10 in Armour
 14254 | Volcano  | Identified the +1 hat of the Wumpus {Regen+ Int+8 SInv}
 14258 | Volcano  | Noticed a hell knight
 14261 | Volcano  | Reached skill level 10 in Fighting
 14373 | Volcano  | HP: 1/79 [salamander/+2 halberd of flaming (9)]
 14373 | Volcano  | Mangled by a salamander

Illustrated notes

Levels and vault maps discovered:
D:1:      dpeg_arrival_brainrot, layout_rooms, nicolae_ashenzari_panopticon
D:2:      minmay_recursive_quarters, layout_loops_ring,
          nicolae_overflow_crystal_walls, nicolae_dithmenos_shadow_blocks,
          overflow_temple_1_default, chequers_garden
D:3:      minmay_chambers_of_twos, layout_loops_ring,
          kennysheep_cross_bottleneck, uniq_terence, uniq_crazy_yiuf_cottage
D:4:      layout_basic, minmay_temple_entry_ruins, uniq_natasha
D:5:      layout_gridville, marbit_many_paths
D:6:      layout_loops_corners, lemuel_doored_altar, old_standard_altar,
          hangedman_abyss_or_decor_stabs, hangedman_decor_push, uniq_eustachio,
          uniq_maggie, uniq_sigmund
D:7:      layout_gridville, trog_wizard, uniq_harold, uniq_duvessa
D:8:      wander_kiku_kobolds, layout_rooms, uniq_prince_ribbit1, uniq_maurice
D:9:      layout_basic, kennysheep_orc_monster_closet_entryway,
          doesnt_shop_hydraphobe
D:10:     layout_basic, erik_lair_dragon, fedhas_altar_2
Temple:   eino_temple_scatter_basement
Lair:1:   layout_chaotic_city, st_stairs_4, minmay_lair_oklob_chamber,
          serial_bayou_shore_a
Lair:2:   layout_cave_pods, nicolae_spider_entry_tight_spaces,
          nicolae_volcano_entry_lava_flow
Volcano:  volcano_grotto [vgs_trial_by_fire]

Skill      XL: |  1  2  3  4  5  6  7  8  9 10 11 12 |
---------------+-------------------------------------+-----
Maces & Flails | 3 4 5 7 8 10 11 12 | 12.2
Armour         | 4 5 6 7 8 9 10 | 10.1
Shields        | 4 5 6 7 9 11 12 | 12.0
Fighting       | 4 5 6 7 8 9 10 | 10.0
Evocations     | 2 |  2.7

Action                   |  1- 3 |  4- 6 |  7- 9 | 10-12 || total
-------------------------+-------+-------+-------+-------++-------
Melee: Flail             |   119 |   195 |   408 |   903 ||  1625
       Morningstar       |       |       |       |   361 ||   361
 Fire: Hunting sling     |       |    22 |    22 |     9 ||    53
Throw: Dart              |     5 |       |       |       ||     5
Invok: Curse Item        |       |     2 |       |     1 ||     3
       Shatter the Chain |       |     1 |       |       ||     1
Evoke: Wand              |       |       |       |     5 ||     5
  Use: Potion            |       |       |     3 |     2 ||     5
       Scroll            |       |       |       |     2 ||     2
Armor: Scale mail        |    90 |   120 |   122 |       ||   332
       Steam dragon scal |       |       |   121 |   125 ||   246
       Plate armour      |       |       |       |   753 ||   753
Dodge: Dodged            |    45 |    53 |   150 |   392 ||   640
Block: Kite shield       |    67 |   113 |   258 |   971 ||  1409

Table legend: (Time is in decaauts)
 A = Elapsed time spent in this place.
 B = Non-inter-level travel time spent in this place.
 C = Inter-level travel time spent in this place.
 D = Time resting spent in this place.
 E = Time spent auto-exploring this place.
 F = Levels seen in this place.
 G = Mean time per level.
                   A        B        C        D        E       F      G
               +--------+--------+--------+--------+--------+-----+--------+
         Total |  14601 |  13554 |   1047 |    252 |   9324 |  14 | 1042.9 |
       Dungeon |  12673 |  11655 |   1018 |    252 |   8118 |  10 | 1267.3 |
        Temple |    194 |    179 |     15 |      0 |    178 |   1 |  194.0 |
          Lair |   1255 |   1241 |     14 |      0 |    844 |   2 |  627.5 |
       Volcano |    477 |    477 |      0 |      0 |    184 |   1 |  477.0 |
               +--------+--------+--------+--------+--------+-----+--------+

Top non-repeatable levels by time:
     D:6: 2198 daAuts
     D:7: 1584 daAuts
    D:10: 1310 daAuts
     D:3: 1274 daAuts
     D:2: 1260 daAuts
     D:4: 1166 daAuts
     D:9: 1105 daAuts
     D:1: 1101 daAuts
  Lair:1: 1082 daAuts
     D:5: 891 daAuts
     D:8: 780 daAuts
 Volcano: 477 daAuts
  Temple: 194 daAuts
  Lair:2: 172 daAuts
